 Dungeon Crawl Stone Soup version 0.32-a0-898-g7811c86cf0 (webtiles) character file.

Game seed: 5647224274460271905

514 ragingrage the Cutter (level 7, -1/46 HPs)
             Began as a Coglin Hedge Wizard on Apr 5, 2024.
             Was an Initiate of Ru.
             Slain by a gnoll bouda
             ... wielding a +0 broad axe
              (9 damage)
             ... on level 4 of the Dungeon.
             The game lasted 00:06:33 (3717 turns).

ragingrage the Cutter (Coglin Hedge Wizard)         Turns: 3717, Time: 00:06:34

Health: -1/46      AC:  6    Str: 10    XL:     7   Next: 20%
Magic:  11/11      EV:  9    Int: 13    God:    Ru [......]
Gold:   135        SH:  0    Dex: 16    Spells: 10/11 levels left

rFire   . . .        g - +2 short sword (elec) {Chinhae}
rCold   . . .        u - +2 whip (elec) {Suphaphon}
rNeg    . . .        j - +0 ring mail
rPois   .            c - +0 hat
rElec   .            (no cloak)
rCorr   .            y - +0 pair of gloves
SInv    .            (no boots)
Will    .....        (amulet unavailable)
Stlth   +            (ring unavailable)
HPRegen 0.27/turn    (ring unavailable)
MPRegen 0.12/turn    (no gizmo)

%: no passive effects
@: weakened, revving
A: off-hand wielding, slow wielding, warmup strikes, no jewellery
a: Invent Gizmo, Renounce Religion


You were on level 4 of the Dungeon.
You worshipped Ru.
Ru was noncommittal.
You visited 1 branch of the dungeon, and saw 4 of its levels.

You collected 135 gold pieces.

Inventory:

Hand Weapons
 e - a +0 dagger {Fusazane}
 g - a +2 short sword of electrocution (weapon) {Chinhae}
 n - a +2 whip of venom {Shunnareh}
 u - a +2 whip of electrocution (offhand) {Suphaphon}
 v - a +0 falchion
Missiles
 x - 2 poisoned darts
 B - a throwing net
Armour
 c - a +0 hat (worn)
 j - a +0 ring mail (worn)
 y - a +0 pair of gloves (worn)
Wands
 A - a wand of charming (9)
Scrolls
 a - 2 scrolls of amnesia
 f - a scroll of enchant weapon {unknown}
 h - a scroll of fear {unknown}
 l - a scroll of noise
 m - a scroll of blinking
 p - a scroll of vulnerability {unknown}
 q - a scroll of torment
 r - a scroll of enchant armour
 s - a scroll of revelation
Potions
 b - a potion of invisibility {unknown}
 d - a potion of magic
 i - 2 potions of might {unknown}
 k - 3 potions of mutation {unknown}
 o - a potion of heal wounds {unknown}
 t - a potion of attraction {unknown}
 w - a potion of haste {unknown}
 z - a potion of brilliance {unknown}


   Skills:
 - Level 4.5 Short Blades
 + Level 4.2 Maces & Flails
 - Level 1.8 Dodging
 - Level 2.0 Stealth
 - Level 2.7 Spellcasting
 - Level 1.0 Conjurations
 - Level 1.0 Summonings
 - Level 1.0 Translocations


You had 10 spell levels left.
You knew the following spells:

 Your Spells              Type           Power      Damage    Failure   Level
a - Magic Dart            Conj           16%        1d3       38%         1

Your spell library contained the following spells:

 Spells                   Type           Power      Damage    Failure   Level
 Freeze                   Ice            4%         1d3       52%         1
 Slow                     Hex            4%         N/A       52%         1
 Blink                    Tloc           8%         N/A       52%         2
 Call Imp                 Summ           8%         N/A       52%         2
 Cigotuvi's Dreadful Rot  Necr/Alch/Air  2%         N/A       67%         2
 Mercury Vapours          Alch/Air       2%         N/A       67%         2
 Hailstorm                Conj/Ice       3%         3d5       83%         3
 Summon Ice Beast         Ice/Summ       3%         N/A       83%         3
 Mephitic Cloud           Conj/Alch/Air  2%         N/A       85%         3
 Frozen Ramparts          Ice            2%         1d1       88%         3
 Freezing Cloud           Conj/Ice/Air   1%         6-21      100%        5
 Permafrost Eruption      Ice/Erth       0%         2x4d1     100%        6
 Sculpt Simulacrum        Ice/Alch       0%         N/A       100%        6


Dungeon Overview and Level Annotations

Branches:
Dungeon (4/15)             Temple (0/1) D:4

Altars:
Ru

Shops:
D:3 (

Annotations:
D:2 1 runed translucent door, Crazy Yiuf


Innate Abilities, Weirdness & Mutations

You can wield a second weapon in your off-hand.
It takes a long time for you to wield or remove held weapons.
Your first few attacks do less damage.
You cannot equip rings or amulets.


Message History

You kill the gnoll!
No target in view!
No target in view!
No target in view!
No target in view!
No target in view!
Things that are here:
a +3 halberd; a gnoll corpse You open the door.
There is an open door here.
You see here a +0 dagger.
You see here a +0 club.
A gnoll bouda is nearby!
A gnoll bouda is nearby!
A gnoll bouda is nearby!
The gnoll bouda hits you with a +0 broad axe!
You barely miss the gnoll bouda with your +2 whip of electrocution.
You hit the gnoll bouda but do no damage.
The gnoll bouda hits you with a +0 broad axe.
You hit the gnoll bouda with your +2 short sword of electrocution.
You closely miss the gnoll bouda with your +2 whip of electrocution.
The gnoll bouda hits you with a +0 broad axe!
You are too injured to fight recklessly!
You are too injured to fight recklessly!
You are too injured to fight recklessly!
You are too injured to fight recklessly!
You are too injured to fight recklessly!
You are too injured to fight recklessly!
You are too injured to fight recklessly!
You barely miss the gnoll bouda with your +2 whip of electrocution.
You completely miss the gnoll bouda with your +2 short sword of electrocution.
The gnoll bouda gazes fiercely through you!
You feel your attacks grow feeble.
The gnoll bouda hits you with a +0 broad axe!
* * * LOW HITPOINT WARNING * * *
You hit the gnoll bouda with your +2 whip of electrocution.
You hit the gnoll bouda with your +2 short sword of electrocution.
The gnoll bouda hits you with a +0 broad axe!
You die...
Ru respects your ultimate sacrifice.

###.### #.#.....## ##..#
#........##
#...##################.........##
..)...........)......+.........'.
#...###########...####.........##
##..# ##.## ##.......### ##.##
####.#### ##.....## # #...#
#.......###......## # ##)#######
#.##@##.#.........#
..)......##......g..#...##)...###
.........##.#.#..##.#...##.......
.........## # #.## #.........###
≈≈≈≈≈....# .# #. #.........#
..≈......##.#.#. #.........#
.)≈......#...... #.........#
≈≈.≈≈≈≈..'.# #. #........##
..≈.....g# ......#.###


You could see a gnoll bouda.

Vanquished Creatures
  A water moccasin (D:3)
  An ogre (D:4)
  A scorpion (D:4)
  An orc priest (D:3)
  An iguana (D:4)
  A sleepcap (D:4)
  An adder (D:3)
  11 gnolls
  A dart slug (D:2)
  3 orcs
  6 endoplasms
  8 giant cockroaches
  6 goblins
  4 hobgoblins
  3 jackals (D:4)
  5 quokkas
  5 ball pythons
  3 bats
  5 frilled lizards
  8 kobolds
  7 rats
82 creatures vanquished.

Notes
Turn   | Place    | Note
-------+----------+-------------------------------------------
     0 | D:1      | ragingrage the Coglin Hedge Wizard began the quest for the
                  | Orb.
     0 | D:1      | Reached XP level 1. HP: 13/13 MP: 4/4
    40 | D:1      | Reached skill level 1 in Conjurations
   225 | D:1      | Reached XP level 2. HP: 19/19 MP: 0/5
   424 | D:1      | Reached skill level 1 in Short Blades
   483 | D:1      | Found a faded altar of an unknown god.
   911 | D:2      | Reached XP level 3. HP: 11/24 MP: 7/7
  1227 | D:2      | Found a runed translucent door.
  1228 | D:2      | Noticed Crazy Yiuf
  1732 | D:3      | Found Arros's Weapon Emporium.
  1742 | D:3      | Reached XP level 4. HP: 30/30 MP: 8/8
  1899 | D:3      | Noticed a water moccasin
  2002 | D:3      | Reached XP level 5. HP: 10/35 MP: 9/9
  2580 | D:4      | Noticed an ogre
  2593 | D:4      | Killed an ogre
  2594 | D:4      | Reached XP level 6. HP: 41/41 MP: 10/10
  3052 | D:3      | Killed a water moccasin
  3053 | D:3      | Reached XP level 7. HP: 33/46 MP: 11/11
  3118 | D:3      | Found a sacrificial altar of Ru.
  3130 | D:3      | Became a worshipper of Ru the Awakened
  3525 | D:4      | Found a staircase to the Ecumenical Temple.
  3717 | D:4      | Slain by a gnoll bouda

Illustrated notes

Levels and vault maps discovered:
D:1:      dpeg_arrival_leaves_temple_mockup, layout_basic,
          shapermc_ecumenical_altar_venn
D:2:      layout_basic, nrook_campfire, uniq_crazy_yiuf_cottage
D:3:      layout_loops_cross, nicolae_ru_awakened_eye, serial_shops,
          nicolae_shop_advertising_works [nicolae_subvault_shop_adworks],
          patterned_corridor
D:4:      layout_loops_corners, okawaru_altar_gauntlet_db,
          minmay_temple_entry_from_below_a, kennysheep_generic_room_16

Skill      XL: |  1  2  3  4  5  6  7 |
---------------+----------------------+-----
Conjurations   | 1 |  1.0
Stealth        | 2 |  2.0
Short Blades   | 1 3 4 |  4.5
Maces & Flails | 2 3 4 |  4.2
Dodging        | |  1.8
Spellcasting   | |  2.7
Summonings     | |  1.0
Translocations | |  1.0

Action                     |  1- 3 |  4- 6 |  7- 9 || total
---------------------------+-------+-------+-------++-------
  Melee: Dagger            |    32 |       |       ||    32
         Short sword       |    39 |    65 |    22 ||   126
         Whip              |    18 |    54 |    24 ||    96
   Cast: Magic Dart        |    21 |       |       ||    21
    Use: Scroll            |       |     7 |       ||     7
   Stab: Sleeping          |     1 |     1 |     2 ||     4
 Armour: Robe              |    29 |     2 |       ||    31
         Ring mail         |       |    38 |    16 ||    54
  Dodge: Dodged            |    30 |    35 |     7 ||    72

Table legend: (Time is in decaauts)
 A = Elapsed time spent in this place.
 B = Non-inter-level travel time spent in this place.
 C = Inter-level travel time spent in this place.
 D = Time resting spent in this place.
 E = Time spent auto-exploring this place.
 F = Levels seen in this place.
 G = Mean time per level.
                   A        B        C        D        E       F      G
               +--------+--------+--------+--------+--------+-----+--------+
         Total |   3710 |   3560 |    150 |    374 |   2522 |   4 |  927.5 |
       Dungeon |   3710 |   3560 |    150 |    374 |   2522 |   4 |  927.5 |
               +--------+--------+--------+--------+--------+-----+--------+

Top non-repeatable levels by time:
     D:3: 1202 daAuts
     D:4: 884 daAuts
     D:1: 862 daAuts
     D:2: 759 daAuts
